 Dungeon Crawl Stone Soup version 0.31-a0-865-g3d5d91748a (webtiles) character file.

Game seed: 8409116637428415392

12 Age the Shield-Bearer (level 2, 27/27 HPs)
             Began as a Minotaur Fighter on Oct 10, 2023.
             Quit the game on level 2 of the Dungeon.
             The game lasted 00:00:38 (217 turns).

Age the Shield-Bearer (Minotaur Fighter)             Turns: 217, Time: 00:00:38

Health: 27/27      AC:  7    Str: 20    XL:     2   Next: 20%
Magic:  1/1        EV:  9    Int:  5    God:
Gold:   26         SH:  4    Dex:  9    Spells: 1/1 levels left

rFire   . . .        a - +0 rapier
rCold   . . .        c - +0 buckler
rNeg    . . .        b - +0 scale mail
rPois   .            (helmet restricted)
rElec   .            (no cloak)
rCorr   .            (no gloves)
SInv    .            (no boots)
Will    .....        (no amulet) Stlth
                     (no ring)
HPRegen 0.24/turn    (no ring)
MPRegen 0.07/turn

%: no passive effects
@: no status effects
A: horns 2, retaliatory headbutt
a: no special abilities


You were on level 2 of the Dungeon.
You visited 1 branch of the dungeon, and saw 2 of its levels.

You collected 26 gold pieces.

Inventory:

Hand Weapons
 a - a +0 rapier (weapon)
Armour
 b - a +0 scale mail (worn)
 c - a +0 buckler (worn)
Scrolls
 e - a scroll of immolation {unknown}
 f - 2 scrolls of enchant armour {unknown}
 g - a scroll of teleportation {unknown}
 h - a scroll of identify {unknown}
Potions
 d - a potion of might


   Skills:
 + Level 3.8 Fighting
 + Level 2.5 Short Blades
 + Level 3.8 Armour
 + Level 3.9 Shields


You had one spell level left.
You didn't know any spells.
Your spell library was empty.

Dungeon Overview and Level Annotations

Branches:
Dungeon (2/15)

Altars:


Innate Abilities, Weirdness & Mutations

You have a pair of horns on your head.
You reflexively headbutt those who attack you in melee.


Message History

You hit the endoplasm.
You kill the endoplasm!
Unknown command.
No target in view!
Unknown command.
No target in view!
Unknown command.
No target in view!
Items here: ) †††.
Found a dagger.
Found a robe.
Found 8 gold pieces.
You see here a staff of conjuration.
No target in view!
You see here a +0 robe.
You now have 26 gold pieces (gained 8).
A rat comes into view.
The rat moves out of view.
No target in view!
No target in view!
Found a robe.
You block the rat's attack.
You hit the rat.
You kill the rat!
No target in view!
No target in view!
No target in view!
There is a stone staircase leading down here.
You climb downwards.
There is a stone staircase leading up here.
The quokka barely misses you. You furiously retaliate!
You headbutt the quokka.
You kill the quokka!
No target in view!
No target in view!
Unknown command.
No target in view!
Unknown command.
No target in view!
Unknown command.
Are you sure you want to abandon this character and quit the game? (Confirm with "yes".)

### #.. #.#
#.# #<# #@#
........†#
...........
.#####..####
#.#. #. . ..
. .. ..


There were no monsters in sight!

Vanquished Creatures
  An endoplasm (D:1)
  A giant cockroach (D:1)
  4 jackals (D:1)
  A quokka (D:2)
  A ball python (D:1)
  A kobold (D:1)
  2 rats (D:1)
11 creatures vanquished.

Notes
Turn   | Place    | Note
-------+----------+-------------------------------------------
     0 | D:1      | Age the Minotaur Fighter began the quest for the Orb.
     0 | D:1      | Reached XP level 1. HP: 19/19 MP: 0/0
   155 | D:1      | Reached XP level 2. HP: 27/27 MP: 1/1
   217 | D:2      | Quit the game

Illustrated notes

Levels and vault maps discovered:
D:1:      eino_arrival_cavern_d, layout_rooms
D:2:      layout_rooms, ebering_ecumenical_altar_petrified

Action                     || total
---------------------------++-------
  Melee: Rapier            ||    21
         Headbutt          ||     3
 Armour: Scale mail        ||    13
  Dodge: Dodged            ||     8
  Block: Buckler           ||     3

Table legend: (Time is in decaauts)
 A = Elapsed time spent in this place.
 B = Non-inter-level travel time spent in this place.
 C = Inter-level travel time spent in this place.
 D = Time resting spent in this place.
 E = Time spent auto-exploring this place.
 F = Levels seen in this place.
 G = Mean time per level.
                   A        B        C        D        E       F      G
               +--------+--------+--------+--------+--------+-----+--------+
         Total |    219 |    203 |     16 |      0 |    151 |   2 |  109.5 |
       Dungeon |    219 |    203 |     16 |      0 |    151 |   2 |  109.5 |
               +--------+--------+--------+--------+--------+-----+--------+

Top non-repeatable levels by time:
     D:1: 217 daAuts
     D:2: 1 daAuts
